 Dungeon Crawl Stone Soup version 0.23-a0-639-ga9a3373 (webtiles) character file.

1759422 dondy the Chief of Staff (level 27, 273/273 HPs)
             Began as a Minotaur Gladiator on Dec 28, 2018.
             Was the Champion of Wu Jian.
             Escaped with the Orb
             ... and 3 runes on Dec 29, 2018!
             The game lasted 05:29:50 (70513 turns).

dondy the Chief of Staff (Minotaur Gladiator)      Turns: 70513, Time: 05:29:51

Health: 273/273    AC: 53    Str: 35    XL:     27
Magic:  28/28      EV: 25    Int:  9    God:    Wu Jian [******]
Gold:   5517       SH:  0    Dex: 16    Spells: 26/26 levels left

rFire    + + .     SeeInvis +   a - +9 lajatang (speed)
rCold    . . .     Gourm    .   (shield currently unavailable)
rNeg     . . .     Faith    +   s - +14 crystal plate armour
rPois    +         Spirit   .   c - +0 mask of the Dragon {MR+ Slay+3 SInv}
rElec    +         Reflect  .   D - scarf {repulsion}
rCorr    .         Harm     .   r - +2 pair of gloves {Str+3}
MR       ++++.     Rnd*Rage +   N - +2 pair of boots
Stlth    ..........             U - amulet of faith
HPRegen  0.55/turn              E - ring "Esynt" {Fire rPois MR+ Int+4}
MPRegen  0.21/turn              M - ring of Happiness {rElec rF+ rC+}

@: repel missiles
A: retaliatory headbutt, claws 1, horns 2, berserk 1, strong 2, no potion heal
1, subdued magic 1
0: Orb of Zot
}: 3/15 runes: decaying, serpentine, silver
a: Wall Jump, Serpent's Lash, Heavenly Storm, Renounce Religion


You escaped.
You worshipped Wu Jian.
Wu Jian was exalted by your worship.
You were full.

You visited 10 branches of the dungeon, and saw 49 of its levels.
You visited 1 bazaar.
You also visited: Gauntlet, Ice Cave and Volcano.

You collected 11039 gold pieces.
You spent 5522 gold pieces at shops.

Inventory:

Hand Weapons
 a - a +9 lajatang of speed (weapon)
Missiles
 d - 14 throwing nets
 i - 23 silver javelins
 F - 17 javelins of returning (quivered)
Armour
 c - the +0 mask of the Dragon (worn) {MR+ Slay+3 SInv}
   (You found it on level 3 of the Vaults)

   It affects your accuracy and damage with ranged weapons and melee attacks
   (+3).
   It affects your resistance to hostile enchantments.
   It lets you see invisible.
 r - a +2 pair of gloves of strength (worn)
 s - a +14 crystal plate armour (worn)
 D - a scarf of repulsion (worn)
 N - a +2 pair of boots (worn)
Jewellery
 p - an uncursed ring of protection from cold
 v - the brooch of Shielding {Reflect SH+8}
   (You bought it in a shop in a bazaar)

   [amulet of reflection]

   It shields you and reflects attacks.
   It affects your SH (+8).
 E - the ring "Esynt" (left hand) {Fire rPois MR+ Int+4}
   (You found it in a Gauntlet)

   [ring of fire]

   It enhances your fire magic.
   It affects your intelligence (+4).
   It protects you from fire.
   It makes you vulnerable to cold.
   It protects you from poison.
   It affects your resistance to hostile enchantments.
 H - an uncursed ring of see invisible
 M - the ring of Happiness (right hand) {rElec rF+ rC+}
   (You found it on level 9 of the Dungeon)

   [ring of protection from cold]

   It protects you from fire.
   It protects you from cold.
   It insulates you from electricity.
 Q - an uncursed ring of resist corrosion
 U - an amulet of faith (around neck)
Wands
 g - a wand of clouds (7)
 n - a wand of iceblast (40)
 y - a wand of acid (17)
 T - a wand of scattershot (13)
 X - a wand of digging (32)
Scrolls
 b - a scroll of enchant armour
 j - 27 scrolls of remove curse
 m - 27 scrolls of teleportation
 o - a scroll of holy word
 q - 8 scrolls of magic mapping
 u - 6 scrolls of fear
 z - 3 scrolls of silence
 C - a scroll of brand weapon
 J - 4 scrolls of vulnerability
 K - 4 scrolls of fog
 O - 2 scrolls of summoning
 S - 7 scrolls of blinking
 Z - 33 scrolls of identify
Potions
 e - 11 potions of heal wounds
 h - 4 potions of agility
 k - 24 potions of curing
 l - 12 potions of lignification
 w - a potion of flight
 x - 3 potions of might
 A - 4 potions of haste
 L - 8 potions of resistance
 P - 5 potions of berserk rage
 R - 3 potions of cancellation
 V - 3 potions of invisibility
 W - 4 potions of ambrosia
Miscellaneous
 t - a lamp of fire
 B - 3 sacks of spiders
 Y - a phial of floods
Comestibles
 f - 85 rations
 G - 4 chunks of flesh


   Skills:
 O Level 27 Fighting
 O Level 27 Staves
 + Level 16.0 Throwing
 O Level 27 Armour
 O Level 27 Dodging
 - Level 8.0 Evocations


You had 26 spell levels left.
You didn't know any spells.
Your spell library contained the following spells:

 Spells                   Type           Power        Failure   Level  Hunger
 Animate Skeleton         Necr           N/A          83%         1    ##.....
 Apportation              Tloc           #.....       83%         1    ##.....
 Beastly Appendage        Tmut           #.....       83%         1    ##.....
 Confusing Touch          Hex            #.....       83%         1    ##.....
 Corona                   Hex            #......      83%         1    ##.....
 Flame Tongue             Conj/Fire      #....        83%         1    ##.....
 Freeze                   Ice            #...         83%         1    ##.....
 Magic Dart               Conj           #...         83%         1    ##.....
 Pain                     Necr           #...         83%         1    ##.....
 Shock                    Conj/Air       #...         83%         1    ##.....
 Summon Small Mammal      Summ           #...         83%         1    ##.....
 Blink                    Tloc           N/A          93%         2    ###....
 Call Imp                 Summ           #.......     93%         2    ###....
 Corpse Rot               Necr           N/A          93%         2    ###....
 Ensorcelled Hibernation  Hex/Ice        #.....       93%         2    ###....
 Passwall                 Tmut/Erth      #.......     93%         2    ###....
 Searing Ray              Conj           #.....       93%         2    ###....
 Shroud of Golubria       Chrm/Tloc      #.........   93%         2    ###....
 Slow                     Hex            #.......     93%         2    ###....
 Sticks to Snakes         Tmut           #.......     93%         2    ###....
 Sublimation of Blood     Necr           #.........   93%         2    ###....
 Swiftness                Chrm/Air       #.......     93%         2    ###....
 Throw Flame              Conj/Fire      #.....       93%         2    ###....
 Throw Frost              Conj/Ice       #.....       93%         2    ###....
 Confuse                  Hex            #.......     99%         3    ####...
 Conjure Flame            Conj/Fire      #.......     99%         3    ####...
 Dazzling Spray           Conj/Hex       #.....       99%         3    ####...
 Gell's Gravitas          Tloc           #.........   99%         3    ####...
 Ignite Poison            Fire/Tmut/Pois #.......     99%         3    ####...
 Inner Flame              Hex/Fire       #.......     99%         3    ####...
 Lesser Beckoning         Tloc           #.........   99%         3    ####...
 Mephitic Cloud           Conj/Pois/Air  #.......     99%         3    ####...
 Ozocubu's Armour         Chrm/Ice       #.......     99%         3    ####...
 Portal Projectile        Hex/Tloc       #.....       99%         3    ####...
 Recall                   Summ/Tloc      N/A          99%         3    ####...
 Regeneration             Chrm/Necr      #.........   99%         3    ####...
 Spider Form              Tmut/Pois      #.........   99%         3    ####...
 Static Discharge         Conj/Air       #.......     99%         3    ####...
 Teleport Other           Tloc           #.......     99%         3    ####...
 Tukima's Dance           Hex            #.......     99%         3    ####...
 Vampiric Draining        Necr           #.........   99%         3    ####...
 Airstrike                Air            #.........   100%        4    #####..
 Animate Dead             Necr           N/A          100%        4    #####..
 Force Lance              Conj/Tloc      #.......     100%        4    #####..
 Fulminant Prism          Conj/Hex       #.........   100%        4    #####..
 Ice Form                 Ice/Tmut       #.......     100%        4    #####..
 Iskenderun's Mystic Bla  Conj           #.......     100%        4    #####..
 Petrify                  Tmut/Erth      #.......     100%        4    #####..
 Sticky Flame             Conj/Fire      #.......     100%        4    #####..
 Summon Ice Beast         Ice/Summ       #.......     100%        4    #####..
 Throw Icicle             Conj/Ice       #.......     100%        4    #####..
 Agony                    Necr           #.......     100%        5    ######.
 Alistair's Intoxication  Tmut/Pois      #.......     100%        5    ######.
 Aura of Abjuration       Summ           #.........   100%        5    ######.
 Blade Hands              Tmut           #.........   100%        5    ######.
 Bolt of Draining         Conj/Necr      #.........   100%        5    ######.
 Borgnjor's Vile Clutch   Necr/Erth      #.........   100%        5    ######.
 Dispel Undead            Necr           #.......     100%        5    ######.
 Excruciating Wounds      Chrm/Necr      #.........   100%        5    ######.
 Fireball                 Conj/Fire      #.........   100%        5    ######.
 Irradiate                Conj/Tmut      #.........   100%        5    ######.
 Lee's Rapid Deconstruct  Erth           #.........   100%        5    ######.
 Lightning Bolt           Conj/Air       #.........   100%        5    ######.
 Metabolic Englaciation   Hex/Ice        #.........   100%        5    ######.
 Silence                  Hex/Air        #.........   100%        5    ######.
 Summon Demon             Summ           #.........   100%        5    ######.
 Summon Forest            Summ/Tloc      #.........   100%        5    ######.
 Summon Mana Viper        Hex/Summ       #.......     100%        5    ######.
 Yara's Violent Unravell  Hex/Tmut       #.........   100%        5    ######.
 Darkness                 Hex            #.........   100%        6    #######
 Dispersal                Tloc           #.........   100%        6    #######
 Hydra Form               Tmut           #.........   100%        6    #######
 Invisibility             Hex            #.......     100%        6    #######
 Shadow Creatures         Summ           N/A          100%        6    #######
 Statue Form              Tmut/Erth      #........    100%        6    #######
 Dragon Form              Tmut           #.........   100%        7    #######
 Controlled Blink         Tloc           N/A          100%        8    #######
 Disjunction              Tloc           #.........   100%        8    #######
 Passage of Golubria      Tloc           Unusable     N/A         4    N/A

Dungeon Overview and Level Annotations

Branches:
Dungeon (15/15)            Temple (1/1) D:7            Lair (6/6) D:8
  Swamp (4/4) Lair:2        Snake (4/4) Lair:3        Slime (0/5) Lair:5
    Orc (2/2) D:10            Elf (2/3) Orc:2        Vaults (5/5) D:14
  Crypt (0/3) Vaults:3     Depths (5/5) D:15            Zot (5/5) Depths:5

Altars:
Ashenzari
Cheibriados
Dithmenos
Elyvilon
Fedhas
Gozag
Hepliaklqana
Kikubaaqudgha
Makhleb
Nemelex Xobeh
Okawaru
Qazlal
Ru
Sif Muna
Trog
Uskayaw
Vehumet
Wu Jian
Xom
Yredelemnul
Zin
The Shining One

Shops:
D:6 *   D:7 *   D:11 !   D:12 *   Orc:1 [   Orc:2 (?(}   Elf:2 %   Snake:1 }=}
Snake:4 *=}%:   Vaults:2 **:*[   Vaults:4 ?(*[   Vaults:5 :=*[   Depths:1 (

Portals:
Hell: Depths:1 Depths:2 Depths:3 Depths:4 Depths:5
Abyss: Depths:3 Depths:4
Pandemonium: Depths:1 Depths:3 Depths:5
Ziggurat: Depths:2
Trove: Vaults:1 (give 11 potions of heal wounds)

Annotations:
D:11 exclusion: orange crystal statue
Elf:1 1 exclusion
Elf:2 1 exclusion
Depths:1 1 runed door, exclusion: door
Depths:2 1 exclusion
Zot:4 1 exclusion


Innate Abilities, Weirdness & Mutations

You reflexively headbutt those who attack you in melee.
You have a pair of horns on your head.
You have sharp fingernails.
You tend to lose your temper in combat.
Your muscles are very strong. (Str +4)
Potions are less effective at restoring your health.
Your spells are a little easier to cast, but a little less powerful.


Message History

You kill the efreet!
The Council accepts your kill.
There is an open door here.
You see here a +4 scimitar of flaming.
There is a staircase leading out of the dungeon here.
You start waiting.
A Brimstone Fiend comes into view.
You carve the Brimstone Fiend like a ham!!!
The Brimstone Fiend is heavily wounded.
You hit the Brimstone Fiend but do no damage.
You headbutt the Brimstone Fiend!
The Brimstone Fiend is severely wounded.
You slash the Brimstone Fiend!
The Brimstone Fiend is almost dead.
You slice the Brimstone Fiend!!
You kill the Brimstone Fiend!
The Council accepts your kill.
You have mastered Dodging!
You need to enable at least one skill for training.
You have escaped!

#......# ###########
#......####.........####
#.....##...####'####...##
##....##.#### #...# ####.##
...#.##.## #...# ##.#
####.##.####
###'########.##
#.#.##≈.###.....##..≈##.#
#.#.#≈≈..#.).....#..≈≈#.###
#...#≈≈..'...@...)..≈≈#...#
#.#.#≈≈.)#.......#..≈≈#.#.#
#.#.##≈.###.....##..≈##.#.#
###.##.####
###)########.##.# #...##.##
#...# ##.#..# ##.#####.####
#...# ####.##.## #..#
###...####'####...##..#
..##
##.####.........#####.##
.## #..# ########### #.#


There were no monsters in sight!

Vanquished Creatures
  4 orbs of fire
  A juggernaut (Depths:4)
  2 ancient liches (Zot:5)
  3 curse toes
  8 Killer Klowns
  Vashnia (Snake:3)
  Saint Roka (Snake:3)
  Xtahua (Vaults:3)
  A caustic shrike (Depths:2)
  A profane servitor (D:1)
  15 golden dragons
  4 electric golems
  29 Orb Guardians
  A Brimstone Fiend (D:1)
  Rupert (Lair:5)
  17 tentacled monstrosities
  A hellephant (D:1)
  A Hell Sentinel (Zot:1)
  16 titans
  9 quicksilver dragons
  8 liches
  5 sphinxes
  7 death cobs
  5 thorn hunters
  Donald (Elf:1)
  Frances (Elf:1)
  15 shadow dragons
  8 nagarajas
  16 fire giants
  22 storm dragons
  10 tengu reavers
  3 draconian monks
  Roxanne (D:14)
  9 draconian knights
  20 frost giants
  3 iron dragons
  A balrug (Depths:3)
  2 cacodemons
  Louise (Snake:3)
  8 draconian stormcallers
  12 draconian scorchers
  6 draconian shifters
  A deep elf elementalist (Depths:4)
  20 vault wardens
  11 ironheart preservers
  6 draconian annihilators
  7 spriggan defenders
  25 stone giants
  4 entropy weavers
  A black sun (D:1)
  A war gargoyle (Vaults:2)
  Nessos (Orc:2)
  9 green draconians
  30 very ugly things
  4 vampire knights
  A corrupter (D:1)
  Azrael (Snake:2)
  A large abomination (Depths:2)
  9 deep elf demonologists
  3 deep elf annihilators
  15 red draconians
  A spark wasp (shapeshifter) (Depths:5)
  14 black draconians
  18 yellow draconians
  13 white draconians
  5 spark wasps
  A minotaur (Gauntlet)
  14 purple draconians
  4 crystal guardians
  3 blizzard demons
  A green death (Depths:1)
  2 merfolk javelineers (Depths:2)
  12 ettins
  Josephine (D:14)
  11 great orbs of eyes
  3 deep elf high priests
  23 yaktaur captains
  A deep elf death mage (Vaults:4)
  15 fire dragons
  25 hydras
  6 spriggan air magi
  19 ice dragons
  6 rakshasas
  4 shambling mangroves
  25 vault guards
  A catoblepas (Lair:6)
  12 naga warriors
  7 centaur warriors
  3 death knights
  13 anacondas
  13 ogre magi
  7 alligators
  31 dancing weapons
  39 two-headed ogres
  A queen ant (Lair:5)
  12 tengu warriors
  9 deep troll earth magi
  12 deep troll shamans
  9 death yaks (Lair:6)
  19 naga sharpshooters
  13 spriggan berserkers
  5 hell knights
  Urug (D:13)
  5 shock serpents
  3 vampire magi
  Nergalle (Lair:3)
  Sonja (Lair:3)
  2 sun demons (Depths:3)
  18 spriggans
  9 iron trolls
  A shadow wraith (Vaults:5)
  3 sixfirhies
  A storm dragon skeleton (Vaults:2)
  An unseen horror (shapeshifter) (Vaults:5)
  31 deep elf knights
  4 skeletal warriors
  9 salamander mystics
  2 unseen horrors
  4 flayed ghosts
  2 torturous demonspawn
  9 sea snakes
  29 deep trolls
  12 naga ritualists
  3 spriggan druids
  3 infernal demonspawn
  2 tengu zombies
  A swamp dragon (shapeshifter) (Vaults:5)
  4 glowing orange brains
  An orange crystal statue (D:12)
  15 deep elf archers
  2 glowing orange brains (shapeshifter) (Vaults:5)
  7 lindwurms
  19 ironbrand convokers
  A shadow dragon zombie (Vaults:5)
  An obsidian statue (Zot:5)
  16 wizards
  12 swamp dragons
  Pikel (D:5)
  16 orc knights
  4 harpies (Vaults:3)
  A shadow dragon skeleton (Vaults:5)
  10 necromancers
  5 orc sorcerers
  7 cyclopes
  6 phantasmal warriors
  5 manticores
  66 deep elf magi
  20 mana vipers
  An oklob plant (Lair:1)
  15 salamanders
  A salamander (shapeshifter) (Elf:1)
  66 ugly things
  A mana viper (shapeshifter) (Depths:3)
  18 moths of wrath
  5 toenail golems (Volcano)
  8 elephants
  56 slime creatures
  A frost giant skeleton (Depths:1)
  6 wolf spiders
  7 guardian serpents (Snake:4)
  A black mamba (shapeshifter) (Depths:4)
  39 black mambas
  A stone giant skeleton (Depths:1)
  3 ice statues (IceCv)
  14 naga magi
  19 vault sentinels
  16 spiny frogs
  2 orange demons
  A hellion (D:4)
  6 torpor snails
  4 yaktaur zombies
  4 gargoyles
  6 rime drakes
  9 komodo dragons
  6 centaur skeletons
  5 ice devils
  A komodo dragon (shapeshifter) (Vaults:4)
  3 efreet
  A yaktaur (shapeshifter) (Depths:2)
  7 freezing wraiths
  59 yaktaurs
  8 tengu conjurers
  2 hellwings (Depths:1)
  A queen bee (shapeshifter) (Vaults:3)
  A yaktaur skeleton (Vaults:4)
  10 trolls
  A troll (shapeshifter) (Vaults:3)
  An elf skeleton (Vaults:5)
  A meliai (shapeshifter) (Vaults:4)
  A queen bee (Depths:2)
  10 tyrant leeches
  2 ettin zombies
  3 meliai (D:15)
  35 hornets
  A jumping spider (Vaults:2)
  A shadow dragon simulacrum (Depths:1)
  A sphinx simulacrum (Vaults:1)
  A blink frog (shapeshifter) (D:15)
  A wind drake (shapeshifter) (Depths:3)
  2 hippogriffs (shapeshifter)
  A tengu simulacrum (Vaults:4)
  13 dream sheep
  7 bog bodies
  2 fire dragon zombies (Depths:1)
  25 blink frogs
  A stone giant simulacrum (Vaults:2)
  2 frost giant simulacra
  12 hippogriffs
  A redback (Vaults:4)
  9 water elementals
  2 air elementals (Elf:1)
  2 wyverns
  Sigmund (D:5)
  2 shadows
  10 wraiths
  59 yaks
  The ghost of nikopol the Chopper, an amateur MiBe of Trog (D:4)
  5 basilisks
  A vampire (D:15)
  8 fire elementals
  A chaos spawn (D:4)
  A neqoxec (D:7)
  A human (shapeshifter) (Vaults:1)
  4 hungry ghosts
  2 human simulacra
  A spriggan simulacrum (Depths:1)
  16 vampire mosquitoes
  Menkaure (D:4)
  4 wargs
  A warg (shapeshifter) (Depths:2)
  16 swamp worms
  An acid dragon (Vaults:1)
  21 soldier ants (Lair:5)
  Duvessa (D:6)
  49 nagas
  4 hell hounds
  4 insubstantial wisps (Swamp:1)
  22 water moccasins
  7 porcupines
  A sky beast (shapeshifter) (Vaults:2)
  A floating eye (Depths:4)
  10 swamp drakes
  A black bear (shapeshifter) (Vaults:1)
  13 ice beasts
  An ice dragon simulacrum (Depths:1)
  3 sky beasts
  56 orc warriors
  3 phantoms
  11 wolves
  An eye of draining (D:14)
  An ogre (shapeshifter) (Vaults:1)
  35 ogres
  11 boggarts
  2 necrophages
  22 centaurs
  6 crocodiles
  3 big kobolds (D:10)
  20 bullfrogs
  2 wyvern zombies (D:10)
  A glowing shapeshifter simulacrum (Depths:1)
  Dowan (D:6)
  An earth elemental (Elf:2)
  A water moccasin zombie (D:7)
  2 wyvern skeletons
  2 scorpions
  A water moccasin skeleton (D:7)
  35 killer bees
  6 electric eels
  17 wights
  A howler monkey (D:4)
  12 crimson imps
  4 bullfrog zombies
  6 centaur zombies
  A quasit (D:10)
  5 jellies
  6 hounds
  Crazy Yiuf (D:6)
  3 bullfrog skeletons
  2 gnoll shamans
  24 orc priests
  5 iguanas
  Ijyb (D:4)
  35 orc wizards
  29 worker ants
  2 killer bee zombies
  2 hound zombies
  A hound skeleton (D:7)
  5 worker ant zombies
  22 gnolls
  24 adders
  2 shadow imps
  2 white imps (Gauntlet)
  4 oozes
  3 adder skeletons
  A worm (shapeshifter) (Vaults:5)
  3 worms
  5 dart slugs
  12 leopard geckos
  134 orcs
  6 giant cockroaches
  8 goblins
  8 hobgoblins
  14 jackals
  6 quokkas
  3 ball pythons
  7 bats
  2 frilled lizards
  A jackal zombie (D:8)
  6 kobolds
  A leopard gecko skeleton (D:4)
  A leopard gecko zombie (D:7)
  A quokka skeleton (D:4)
  7 rats
  3 briar patches
  A plant (Lair:1)
2738 creatures vanquished.

Vanquished Creatures (others)
  A storm dragon (Vaults:5)
  A black draconian (Zot:4)
  A phantasmal warrior (Vaults:5)
  A yaktaur (Vaults:5)
  A water elemental (Depths:5)
  An orc warrior (Orc:1)
  An adder (D:12)
  An orc (Orc:1)
  7 briar patches
  A butterfly (Lair:5)
  7 fungi
  42 plants
65 creatures vanquished.

Grand Total: 2803 creatures vanquished

Notes
Turn   | Place    | Note
-------+----------+-------------------------------------------
     0 | D:1      | dondy the Minotaur Gladiator began the quest for the Orb.
     0 | D:1      | Reached XP level 1. HP: 18/18 MP: 0/0
    44 | D:1      | Reached XP level 2. HP: 14/25 MP: 1/1
   702 | D:2      | Reached skill level 5 in Staves
   718 | D:1      | Reached XP level 3. HP: 15/30 MP: 2/2
  1378 | D:2      | Reached XP level 4. HP: 37/37 MP: 3/3
  1706 | D:2      | Found a sacrificial altar of Ru.
  1706 | D:2      | Found a bloodstained altar of Trog.
  1863 | D:2      | Became a worshipper of Ru the Awakened
  2144 | D:3      | Reached XP level 5. HP: 36/42 MP: 4/4
  2913 | D:4      | Reached XP level 6. HP: 50/50 MP: 5/5
  3259 | D:4      | Found a runed gate.
  3259 | D:4      | Found a runed gate.
  3259 | D:4      | Found a runed gate.
  3260 | D:4      | Noticed nikopol's ghost (amateur MiBe)
  3479 | D:4      | Noticed Menkaure
  3489 | D:4      | Killed Menkaure
  3489 | D:4      | Reached skill level 1 in Armour
  3489 | D:4      | Reached XP level 7. HP: 8/56 MP: 6/6
  3774 | D:5      | Entered Level 5 of the Dungeon
  3774 | D:5      | Noticed Ijyb
  3790 | D:4      | Reached skill level 10 in Staves
  3803 | D:4      | Killed Ijyb
  4071 | D:5      | Noticed Sigmund
  4158 | D:5      | Killed Sigmund
  4255 | D:5      | Reached XP level 8. HP: 60/62 MP: 7/7
  4340 | D:5      | Noticed Pikel
  4365 | D:5      | Killed Pikel
  5094 | D:6      | Noticed Duvessa
  5094 | D:6      | Noticed Dowan
  5113 | D:6      | Killed Duvessa
  5113 | D:6      | Reached XP level 9. HP: 56/68 MP: 8/8
  5138 | D:6      | Killed Dowan
  5262 | D:6      | Found Gijih's Elemental Accessories.
  5391 | D:6      | Found a runed door.
  5395 | D:6      | Noticed Crazy Yiuf
  5402 | D:6      | Killed Crazy Yiuf
  5545 | D:6      | Reached skill level 5 in Armour
  6423 | D:7      | Found a shimmering altar of Xom.
  6458 | D:7      | Found a staircase to the Ecumenical Temple.
  6465 | Temple   | Entered the Ecumenical Temple
  6515 | Temple   | Fell from the grace of Ru
  6515 | Temple   | Became a worshipper of the Wu Jian Council
  6658 | D:7      | Found a glowing golden altar of the Shining One.
  6889 | D:7      | Found a basalt altar of Yredelemnul.
  6981 | D:7      | Found Dyubiqee's Assorted Antiques.
  7132 | D:7      | Noticed an angel
  7200 | D:8      | Found a shadowy altar of Dithmenos.
  7349 | D:8      | Found a staircase to the Lair.
  7628 | D:8      | Reached * piety under Wu Jian
  7880 | D:8      | Reached XP level 10. HP: 52/74 MP: 6/9
  7882 | D:8      | Found a radiant altar of Vehumet.
  8093 | D:9      | Got a dazzling great mace
  8186 | D:9      | Reached skill level 15 in Staves
  8388 | D:9      | Got a clouded iron ring
  8390 | D:9      | Identified the ring of Happiness {rElec rF+ rC+} (You found
                  | it on level 9 of the Dungeon)
  8443 | D:9      | Found a snail-covered altar of Cheibriados.
  8499 | D:9      | Reached ** piety under Wu Jian
  8716 | D:9      | Found a shimmering altar of Xom.
  8850 | D:10     | Entered Level 10 of the Dungeon
  9199 | D:10     | Reached skill level 10 in Armour
  9257 | D:10     | Found a staircase to the Orcish Mines.
  9521 | D:10     | Reached *** piety under Wu Jian
  9628 | D:10     | Reached XP level 11. HP: 71/80 MP: 10/10
  9670 | D:10     | Noticed a two-headed hydra
  9679 | D:10     | Killed a two-headed hydra
  9748 | D:11     | Noticed a red ugly thing
  9754 | D:11     | Killed a red ugly thing
  9766 | D:11     | Noticed a green ugly thing
  9778 | D:11     | Killed a green ugly thing
  9783 | D:11     | Got a slimy quarterstaff
  9790 | D:11     | Identified the +8 quarterstaff of the Head {freeze, Str+2
                  | Stlth+} (You found it on level 11 of the Dungeon)
  9943 | D:11     | Noticed a cyan ugly thing
  9971 | D:11     | Killed a cyan ugly thing
 10021 | D:11     | Reached **** piety under Wu Jian
 10245 | D:11     | Noticed an orange crystal statue
 10307 | D:11     | Found Iniphuw's Distillery.
 10314 | D:11     | Bought a potion of agility for 56 gold pieces
 10314 | D:11     | Bought a potion of curing for 42 gold pieces
 10314 | D:11     | Bought a potion of flight for 42 gold pieces
 10314 | D:11     | Bought a potion of mutation for 112 gold pieces
 10314 | D:11     | Bought a potion of ambrosia for 112 gold pieces
 10314 | D:11     | Bought a potion of magic for 112 gold pieces
 10314 | D:11     | Gained mutation: You have large cloven feet. [potion of
                  | mutation]
 10314 | D:11     | Gained mutation: You have sharp fingernails. [potion of
                  | mutation]
 10314 | D:11     | Gained mutation: You expend magic power (3 MP) to
                  | strengthen your wands. [potion of mutation]
 10314 | D:11     | Gained mutation: You are somewhat resistant to further
                  | mutation. [potion of mutation]
 10364 | D:11     | Noticed a four-headed hydra
 10367 | D:11     | Killed a four-headed hydra
 10368 | D:11     | Noticed a white ugly thing
 10376 | D:11     | Killed a white ugly thing
 10611 | Lair:1   | Entered Level 1 of the Lair of Beasts
 10675 | Lair:1   | Noticed an oklob plant
 10715 | Lair:1   | You fall through a shaft!
 10752 | Lair:2   | Reached XP level 12. HP: 59/88 MP: 7/11
 10775 | Lair:2   | Found a dark tunnel.
 10790 | Volcano  | Entered a volcano
 11508 | Lair:2   | Reached skill level 5 in Fighting
 12009 | Lair:2   | Found a staircase to the Swamp.
 12039 | Lair:2   | Reached ***** piety under Wu Jian
 12513 | Lair:3   | Noticed Sonja
 12515 | Lair:3   | Noticed Nergalle
 12515 | Lair:3   | Noticed an eight-headed hydra
 12843 | Lair:3   | Killed Nergalle
 12991 | Lair:3   | Found a runed door.
 13074 | Lair:3   | Killed an eight-headed hydra
 13208 | Lair:3   | Found a staircase to the Snake Pit.
 13399 | Lair:3   | Reached XP level 13. HP: 104/104 MP: 12/12
 13553 | Lair:3   | Found a staircase to the Snake Pit.
 13892 | Lair:3   | Killed Sonja
 14948 | Lair:5   | Reached skill level 15 in Armour
 15021 | Lair:5   | Found a hazy altar of Hepliaklqana.
 15096 | Lair:5   | Found a staircase to the Slime Pits.
 15161 | Lair:5   | Noticed Rupert
 15177 | Lair:5   | Killed Rupert
 15293 | Lair:5   | Noticed an entropy weaver
 15323 | Lair:5   | Killed an entropy weaver
 15325 | Lair:5   | Noticed an entropy weaver
 15335 | Lair:5   | Killed an entropy weaver
 16311 | Lair:6   | Entered Level 6 of the Lair of Beasts
 16344 | Lair:6   | Reached skill level 10 in Fighting
 16495 | Lair:6   | Reached XP level 14. HP: 117/121 MP: 11/13
 17804 | Lair:6   | Found a runed door.
 18084 | Lair:6   | Reached skill level 1 in Evocations
 18183 | Lair:6   | Paralysed by a hornet for 3 turns
 18377 | Lair:6   | Found the +4 moon troll leather armour {Spirit, Regen++
                  | MP+5}
 18416 | Lair:6   | Paralysed by a hornet for 1 turns
 19439 | Lair:1   | Identified a scroll of acquirement
 19607 | Lair:1   | Reached XP level 15. HP: 135/135 MP: 16/16
 20381 | D:12     | Found Tuyly's Assorted Antiques.
 20499 | D:12     | Found an ancient bone altar of Kikubaaqudgha.
 20521 | D:12     | Found a gate leading to a gauntlet.
 20527 | Gauntlet | Entered a Gauntlet
 20527 | Gauntlet | Found a transporter.
 20527 | Gauntlet | Found a transporter.
 20535 | Gauntlet | Found a transporter.
 20540 | Gauntlet | Found a transporter.
 20551 | Gauntlet | Got a transparent bronze ring
 20559 | Gauntlet | Identified the ring "Esynt" {Fire rPois MR+ Int+4} (You
                  | found it in a Gauntlet)
 20664 | Gauntlet | Found a transporter.
 20673 | Gauntlet | Reached ****** piety under Wu Jian
 20677 | Gauntlet | Lost mutation: You are somewhat resistant to further
                  | mutation. [potion of mutation]
 20677 | Gauntlet | Lost mutation: You have large cloven feet. [potion of
                  | mutation]
 20677 | Gauntlet | Lost mutation: You expend magic power (3 MP) to strengthen
                  | your wands. [potion of mutation]
 20677 | Gauntlet | Gained mutation: You are dopey. (Int -2) [potion of
                  | mutation]
 20677 | Gauntlet | Gained mutation: Your muscles are strong. (Str +2) [potion
                  | of mutation]
 20831 | Gauntlet | Identified the ring of Fanaticism {Fire Str+6 Int+2}
 20930 | D:12     | Found a frozen archway.
 20942 | IceCv    | Entered an ice cave
 21253 | D:12     | Reached skill level 5 in Dodging
 21606 | D:12     | Found a runed door.
 21674 | D:12     | Found the amulet of the Air {Inacc +Fly rElec EV+5 RMsl}
 21686 | D:13     | Noticed Urug
 21692 | D:13     | Killed Urug
 21968 | D:13     | Found a basalt altar of Yredelemnul.
 22408 | D:14     | Noticed Roxanne
 22416 | D:14     | Killed Roxanne
 22739 | D:14     | Found a gate to the Vaults.
 22907 | D:14     | Noticed Josephine
 22920 | D:14     | Killed Josephine
 23254 | D:15     | Entered Level 15 of the Dungeon
 23543 | D:15     | Found a staircase to the Depths.
 23543 | D:15     | Noticed a fire giant
 24030 | D:15     | Killed a fire giant
 24087 | D:15     | Reached skill level 15 in Fighting
 24597 | Orc:1    | Entered Level 1 of the Orcish Mines
 24608 | Orc:1    | Reached XP level 16. HP: 137/149 MP: 15/18
 24645 | Orc:1    | Found Miwkeo's Armour Emporium.
 24962 | Orc:2    | Entered Level 2 of the Orcish Mines
 25073 | Orc:2    | Found a staircase to the Elven Halls.
 25085 | Orc:2    | Noticed Nessos
 25095 | Orc:2    | Killed Nessos
 26642 | Orc:2    | Found Maiv's Antique Weapon Shoppe.
 26642 | Orc:2    | Found Xyurei's Magic Scroll Shop.
 26644 | Orc:2    | Found Ummul's Weapon Boutique.
 26646 | Orc:2    | Found Yruufino's Gadget Emporium.
 26653 | Orc:2    | Bought a scroll of brand weapon for 300 gold pieces
 26653 | Orc:2    | Bought a scroll of acquirement for 780 gold pieces
 26888 | D:4      | Killed nikopol's ghost
 28535 | Snake:1  | Entered Level 1 of the Snake Pit
 29066 | Snake:1  | Identified the cursed +0 ring mail of Juciabbu {*Slow rN+++
                  | MR- Stlth+}
 29649 | Snake:1  | Found Jyidda's Gadget Shop.
 29653 | Snake:1  | Found Taoffuv's Jewellery Emporium.
 29658 | Snake:1  | Found Lynt's Gadget Shop.
 29780 | Snake:2  | Noticed Azrael
 29799 | Snake:2  | Killed Azrael
 31082 | Snake:2  | Reached XP level 17. HP: 139/160 MP: 16/19
 31141 | Snake:3  | Noticed Saint Roka
 31154 | Snake:3  | Killed Saint Roka
 31155 | Snake:3  | Noticed Louise
 31842 | Snake:3  | Noticed Vashnia
 32668 | Snake:3  | Killed Vashnia
 32849 | Snake:3  | Found a radiant altar of Vehumet.
 32850 | Snake:3  | Killed Louise
 33520 | Swamp:1  | Entered Level 1 of the Swamp
 35977 | Swamp:3  | Reached XP level 18. HP: 113/173 MP: 20/20
 36798 | Swamp:4  | Entered Level 4 of the Swamp
 37656 | Swamp:4  | Got a decaying rune of Zot
 38359 | Vaults:1 | Entered Level 1 of the Vaults
 39845 | Vaults:1 | Paralysed by a wizard for 4 turns
 39885 | Vaults:1 | Found a portal to a secret trove of treasure.
 40363 | Vaults:1 | Reached XP level 19. HP: 171/185 MP: 21/21
 40834 | Vaults:2 | Found Ynkosh's General Store.
 40842 | Vaults:2 | Bought a throwing net for 39 gold pieces
 40850 | Vaults:2 | Found Lenwa Doile's Book Shop.
 41764 | Vaults:2 | Found Utyrhill's Assorted Antiques.
 41927 | Vaults:2 | Found Gutyilil's General Store.
 42027 | Vaults:2 | Found Uqon's Antique Armour Shoppe.
 42035 | Vaults:2 | Bought an embroidered hat for 231 gold pieces
 42239 | Vaults:3 | Found a staircase to the Crypt.
 42239 | Vaults:3 | Found an ancient bone altar of Kikubaaqudgha.
 42247 | Vaults:3 | Found a basalt altar of Yredelemnul.
 42277 | Vaults:3 | Found the +0 mask of the Dragon {MR+ Slay+3 SInv}
 42601 | Vaults:3 | Noticed Xtahua
 42602 | Vaults:3 | Killed Xtahua
 43242 | Vaults:4 | Found Duushex's Magic Scroll Shop.
 43331 | Vaults:3 | Upgraded the game from 0.23-a0-636-g0ff6057 to
                  | 0.23-a0-639-ga9a3373
 43441 | Vaults:4 | Reached XP level 20. HP: 186/198 MP: 20/22
 44923 | Vaults:4 | Found Gozag's Antique Weapon Shop.
 44925 | Vaults:4 | Found an opulent altar of Gozag.
 44928 | Vaults:4 | Found Gozag's Assorted Antiques.
 44959 | Vaults:4 | Found Gozag's Antique Armour Boutique.
 45380 | Elf:1    | Entered Level 1 of the Elven Halls
 45564 | Elf:1    | Noticed Frances
 45578 | Elf:1    | Killed Frances
 45582 | Elf:1    | Noticed Donald
 45591 | Elf:1    | Killed Donald
 45790 | Elf:1    | Found a flickering gateway to a bazaar.
 45796 | Bazaar   | Entered a bazaar
 45796 | Bazaar   | Found Aposhu's General Store.
 45813 | Bazaar   | Found Dadimoil's Magic Scroll Boutique.
 45820 | Bazaar   | Found Relidam's Assorted Antiques.
 45824 | Bazaar   | Found Xics's Distillery.
 45831 | Bazaar   | Found Epaetsak's Book Emporium.
 45855 | Bazaar   | Bought the brooch of Shielding {Reflect SH+8} for 2019 gold
                  | pieces
 45855 | Bazaar   | Found the brooch of Shielding {Reflect SH+8}
 46410 | Elf:2    | Reached XP level 21. HP: 196/211 MP: 20/23
 46511 | Elf:2    | Found a huge runed gate.
 46511 | Elf:2    | Found a huge runed gate.
 46511 | Elf:2    | Found a huge runed gate.
 46512 | Elf:2    | Found a huge runed gate.
 46517 | Elf:2    | Found a huge runed gate.
 46587 | Elf:2    | Found Zakash's Food Emporium.
 47656 | Snake:4  | Entered Level 4 of the Snake Pit
 47656 | Snake:4  | Found Ruemasat's General Store.
 47678 | Snake:4  | Bought a scroll of brand weapon for 240 gold pieces
 47678 | Snake:4  | Bought a potion of mutation for 96 gold pieces
 47678 | Snake:4  | Bought a +1 pair of boots for 138 gold pieces
 47712 | Snake:4  | Found Xonysa's Jewellery Boutique.
 47825 | Snake:4  | Reached skill level 27 in Staves
 48006 | Snake:4  | Found Horeexapn's Gadget Shop.
 48056 | Snake:4  | Bought a cursed ring of teleportation for 49 gold pieces
 48108 | Snake:4  | Found Filoaff's Book Boutique.
 48217 | Snake:4  | Found Coebb's Food Shoppe.
 49153 | Snake:4  | Got a serpentine rune of Zot
 49737 | Vaults:5 | Entered Level 5 of the Vaults
 49762 | Vaults:5 | Reached XP level 22. HP: 205/226 MP: 21/24
 50735 | Vaults:5 | Reached skill level 27 in Fighting
 51431 | Vaults:5 | Found Jool Vea's Jewellery Shop.
 51439 | Vaults:5 | Found Xocuxec's Book Emporium.
 51489 | Vaults:5 | Noticed a golden dragon
 51496 | Vaults:5 | Killed a golden dragon
 51510 | Vaults:5 | Reached XP level 23. HP: 81/240 MP: 11/25
 52137 | Vaults:5 | Got a silver rune of Zot
 52269 | Vaults:5 | Found Caselag's Antique Armour Shoppe.
 52275 | Vaults:5 | Found Xuixolud's General Store.
 52283 | Vaults:5 | Bought a scroll of brand weapon for 440 gold pieces
 52702 | Depths:1 | Entered Level 1 of the Depths
 52730 | Depths:1 | Reached skill level 5 in Evocations
 52862 | Depths:1 | Found a one-way gate leading to the halls of Pandemonium.
 53044 | Depths:1 | Found Afagas's Antique Weapon Boutique.
 53204 | Depths:1 | Found a gateway to Hell.
 53475 | Depths:1 | Found a runed door.
 54799 | Depths:2 | Reached skill level 10 in Dodging
 54963 | Depths:2 | Reached skill level 5 in Throwing
 55134 | Depths:2 | Found a runed door.
 55181 | Depths:2 | Reached XP level 24. HP: 228/249 MP: 27/28
 55500 | Depths:2 | Identified the amulet "Wouthugito" {+Rage Int+4}
 56471 | Depths:2 | Found a gateway to a ziggurat.
 56650 | Depths:2 | Reached skill level 10 in Throwing
 56728 | Depths:3 | You fall through a shaft for 2 floors!
 56728 | Depths:5 | Entered Level 5 of the Depths
 56801 | Depths:4 | Noticed a juggernaut
 56830 | Depths:3 | Found a one-way gate to the infinite horrors of the Abyss.
 58001 | Depths:3 | Reached XP level 25. HP: 164/257 MP: 28/28
 58439 | Depths:3 | Reached skill level 15 in Throwing
 59099 | Depths:4 | Got a steaming graven amulet
 59100 | Depths:4 | Identified the amulet of Gob Cyss {Gourm SInv} (You
                  | acquired it on level 4 of the Depths)
 60335 | Depths:4 | Killed a juggernaut
 60335 | Depths:4 | Reached skill level 15 in Dodging
 61293 | Vaults:4 | Bought a scroll of enchant weapon for 90 gold pieces
 61293 | Vaults:4 | Bought a scroll of acquirement for 624 gold pieces
 61298 | Vaults:4 | Identified the amulet of Umniuc {+Rage rElec Str+2} (You
                  | acquired it on level 4 of the Vaults)
 62120 | Depths:5 | Reached XP level 26. HP: 240/266 MP: 28/28
 62757 | Depths:5 | Found a gate to the Realm of Zot.
 63158 | Zot:1    | Entered Level 1 of the Realm of Zot
 65095 | Zot:2    | Reached XP level 27. HP: 243/273 MP: 28/28
 65447 | Zot:3    | Noticed an orb of fire
 65451 | Zot:3    | Gained mutation: You do not regenerate when monsters are
                  | visible. [an orb of fire]
 65460 | Zot:3    | Killed an orb of fire
 65710 | Zot:3    | Got a serpentine crystal amulet
 65711 | Zot:3    | Identified the amulet "Reosuemo" {Gourm Int+9} (You
                  | acquired it on level 3 of the Realm of Zot)
 65725 | Zot:3    | Reached skill level 27 in Armour
 67257 | Zot:5    | Entered Level 5 of the Realm of Zot
 68134 | Zot:5    | Lost mutation: You are dopey. (Int -2) [potion of mutation]
 68134 | Zot:5    | Lost mutation: You do not regenerate when monsters are
                  | visible. [potion of mutation]
 68134 | Zot:5    | Gained mutation: Your spells are a little easier to cast,
                  | but a little less powerful. [potion of mutation]
 68134 | Zot:5    | Gained mutation: Your muscles are very strong. (Str +4)
                  | [potion of mutation]
 68179 | Zot:5    | Noticed an orb of fire
 68180 | Zot:5    | Noticed an orb of fire
 68185 | Zot:5    | Noticed an orb of fire
 68190 | Zot:5    | Killed an orb of fire
 68192 | Zot:5    | Killed an orb of fire
 68196 | Zot:5    | Noticed an ancient lich
 68199 | Zot:5    | Killed an ancient lich
 68200 | Zot:5    | Gained mutation: You tend to lose your temper in combat.
                  | [an orb of fire]
 68202 | Zot:5    | Killed an orb of fire
 68375 | Zot:5    | Noticed an ancient lich
 68395 | Zot:5    | Killed an ancient lich
 69581 | Zot:5    | Got the Orb of Zot
 70039 | D:10     | Noticed Hyewuj the pandemonium lord
 70259 | D:1      | Gained mutation: Potions are less effective at restoring
                  | your health. [a cacodemon]
 70511 | D:1      | Reached skill level 27 in Dodging
 70513 | D:$      | Escaped with the Orb!

Vault maps used:
D:1:      dpeg_arrival_another_circle, kennysheep_decorative_pillar,
          serial_bayou_pond_e, minmay_misc_feat_encased
D:2:      gammafunk_temple_overflow_wave, kennysheep_generic_room_4
D:3:      minmay_bubble_buster
D:4:      gammafunk_ghost_necromancy, uniq_menkaure
D:5:      first_ration, minmay_misc_feat_tower, uniq_ijyb, uniq_pikel,
          uniq_sigmund
D:6:      nicolae_elemental_shop, uniq_duvessa, uniq_crazy_yiuf_cottage
D:7:      grunt_temple_overflow_holy_war, temple_green, serial_shops,
          nicolae_shop_waterfront, basic_altar
D:8:      minmay_general_purpose_star, nicolae_dithmenos_shadow_blocks,
          vehumet_altar_wand_db, dpeg_oklobed_lair
D:9:      kennysheep_little_box, marbit_many_paths
D:10:     orc_0_dummy, hangedman_ranch
D:11:     minmay_inner_zag, serial_shops, shop_fountains,
          minmay_protected_statue
D:12:     portal_ice_cave_demonic_guard, basic_altar, gauntlet_entry_generic,
          serial_shops, shop, minmay_crystal_box
D:13:     lemuel_hellish_altar, uniq_urug
D:14:     david_vaults_4, minmay_misc_feat_cross, uniq_josephine, uniq_roxanne
D:15:     grunt_enter_depths_giant_problem, minmay_increasing_density
Temple:   eino_temple_water
Lair:1:   minmay_lair_oklob_chamber
Lair:2:   swamp_mist, enter_volcano_3, grunt_megastairs_2
Lair:3:   guppyfry_snake_entry_island, pf_torpor_hydra, uniq_sonja,
          uniq_nergalle
Lair:4:   small_statue_intersection
Lair:5:   nicolae_slime_entry_slimehenge, basic_altar, minivault_29,
          serial_bayou_shore_b, lemuel_fruit_fields, serial_bayou_shore_b,
          uniq_rupert
Lair:6:   hangedman_lair_in_review, wormcave
Swamp:1:  evilmike_swamp_ruin_wall, swamp_pool1
Swamp:2:  hangedman_swamp_diagram, swamp_pool4, infiniplex_staircase_pool
Swamp:3:  evilmike_swamp_ruin_house_3
Swamp:4:  swamp_alternative
Snake:1:  cheibrodos_forgotten_conduit, spider_trap, minmay_shop_grove,
          serial_bayou_shore_a
Snake:2:  minmay_snake_pond, uniq_azrael
Snake:3:  basic_altar, nicolae_snake_springs, uniq_louise, uniq_saint_roka,
          uniq_vashnia
Snake:4:  johnstein_snake_rune_scales, serial_shops, shop, shop_coins,
          nicolae_shop_stone, shop, shop
Orc:1:    serial_shops, nicolae_shop_window_shopping
Orc:2:    st_orc_rangers, elves_outpost_lemuel, uniq_nessos
Elf:1:    elf_arrival_001, serial_shops, bzr_entry_safe, orc_legates,
          small_statue_intersection, uniq_donald, uniq_frances
Elf:2:    serial_shops, shop
Vaults:1: st_squares, v_misc_11, hangedman_vaults_capsules, vaults_dpeg_hooks,
          nicolae_vaults_three_branches, nicolae_vaults_border_crossing,
          v_rooms_5, hangedman_vaults_nodes, ontoclasm_vaults_misaligned,
          v_misc_17, nicolae_vaults_asterisk, enter_trove_6
Vaults:2: ontoclasm_vaults_fault, v_misc_11, grunt_vaults_diagonal,
          nicolae_vaults_little_ls, vaults_standard_mumra_x,
          grunt_vaults_hallway_long, vaults_room_semicircle,
          hangedman_vaults_trim, ontoclasm_vaults_tryst,
          nicolae_vaults_yaktaur_gun_rack, vaults_room_stairs_pillars,
          serial_shops, shop, shop_fountains, nicolae_shop_stone, shop,
          shop_fountains
Vaults:3: vaults_mumra_lcd, vaults_dpeg_cross, nicolae_vaults_puzzle_piece,
          minmay_crypt_entry_necro_gods, grunt_vaults_twisty, st_smaller_cells,
          hangedman_vaults_corner_blocks, v_rooms_4, nicolae_vaults_alarming,
          uniq_xtahua
Vaults:4: v_alt_pattern_2, v_misc_18, kennysheep_vaults_gozag_temple, v_misc_33,
          vaults_mumra_chevron, vaults_mumra_hex, v_misc_28, vaults_room_boxed,
          vaults_room_semicircle, serial_shops, nicolae_shop_stone
Vaults:5: serial_shops
Depths:1: serial_bayou_pond_b, hell_entry, serial_shops, kennysheep_mini_moat,
          rand_demon_pan_entry_8, chequers_serial_rivers_small_3,
          serial_bayou_pond_d, serial_bayou_pond_e, lightli_giant_bouncers
Depths:2: box_level_dp, hell_entry
Depths:3: minmay_the_grid_square_5x5_5x5, kennysheep_flooded_box,
          lightli_too_deep, pan_entry, abyss_entry_crystal,
          lightli_corner_chamber
Depths:4: nicolae_legendary_halls, serial_bayou_pond_e, hell_entry,
          hangedman_abyss_entry_splay, minmay_hollow_rounded_squares,
          minmay_staircase_statues
Depths:5: grunt_zot_entry_gee_three, hell_entry, pan_entry,
          kennysheep_random_hallway
Zot:1:    hangedman_zot_decor_checkerboard
Zot:3:    grunt_megastairs_1
Zot:5:    bh_zot_levy_curve, hangedman_zot_diagonal_lockstep
Bazaar:   bazaar_kb_twisted_cavern
IceCv:    ice_cave_statue_garden_chambered
Volcano:  volcano_bunker
Gauntlet: gammafunk_gauntlet_shortcut

Skill      XL: |  1  2  3  4  5  6  7  8  9 10 11 12 13 14 15 16 17 18 19 20 21 22 23 24 25 26 27 |
---------------+----------------------------------------------------------------------------------+-----
Staves         | 4 5 7 8 9 11 13 14 16 17 19 20 21 22 23 24 25 26 27 | 27.0
Armour         | 1 2 4 7 10 12 14 16 17 18 19 20 21 22 23 24 25 27 | 27.0
Dodging        | 4 5 6 11 12 17 20 27 | 27.0
Fighting       | 6 10 13 15 16 18 20 21 23 25 27 | 27.0
Evocations     | 2 4 8 |  8.0
Throwing       | 5 14 16 | 16.0

Action                   |  1- 3 |  4- 6 |  7- 9 | 10-12 | 13-15 | 16-18 | 19-21 | 22-24 | 25-27 || total
-------------------------+-------+-------+-------+-------+-------+-------+-------+-------+-------++-------
Melee: Quarterstaff      |    66 |   196 |   338 |   629 |   725 |    87 |       |       |       ||  2041
       Headbutt          |     8 |    33 |    58 |   113 |   285 |   314 |   313 |   374 |   570 ||  2068
       Kick              |       |       |       |    86 |   268 |       |       |       |       ||   354
       Lajatang          |       |       |       |       |   515 |  1410 |  1331 |  1335 |  1885 ||  6476
Throw: Javelin           |       |       |       |       |       |       |       |     8 |     7 ||    15
       Throwing net      |       |       |       |       |       |       |       |     1 |       ||     1
Invok: Lunge             |       |       |    12 |    82 |   193 |   146 |   162 |   120 |   137 ||   852
       Whirlwind         |       |       |       |    80 |   548 |   473 |   453 |   416 |   480 ||  2450
       Serpent's Lash    |       |       |       |       |     9 |     9 |    10 |    11 |     8 ||    47
       Heavenly Storm    |       |       |       |       |     1 |     4 |     3 |     2 |     4 ||    14
 Abil: Wall Jump         |       |       |       |       |     4 |     6 |       |     1 |     8 ||    19
Evoke: Wand              |       |       |       |       |       |     2 |       |       |     2 ||     4
       Lamp of fire      |       |       |       |       |       |       |       |     3 |     1 ||     4
       Phial of floods   |       |       |       |       |       |       |       |       |     1 ||     1
  Use: Scroll            |       |     5 |     1 |     1 |    36 |    21 |     1 |     5 |    19 ||    89
       Potion            |       |       |       |     2 |     4 |     2 |     3 |     1 |     5 ||    17
 Stab: Confused          |       |       |     1 |       |       |       |       |       |       ||     1
       Paralysed         |       |       |     1 |       |       |       |       |       |       ||     1
       Petrifying        |       |       |       |     1 |       |       |       |       |       ||     1
       Distracted        |       |       |       |       |       |       |     1 |       |     1 ||     2
  Eat: Chunk             |     1 |     7 |    14 |    19 |    33 |    41 |    30 |    20 |    30 ||   195
       Ration            |       |       |       |       |     2 |     3 |     1 |     2 |     5 ||    13
Armor: Leather armour    |     2 |       |       |       |       |       |       |       |       ||     2
       Ring mail         |    18 |    49 |       |       |       |       |       |       |       ||    67
       Scale mail        |       |    18 |     7 |       |       |       |       |       |       ||    25
       Plate armour      |       |       |    93 |   198 |   340 |   346 |       |       |       ||   977
       Ice dragon scales |       |       |       |       |    15 |       |       |       |       ||    15
       Crystal plate arm |       |       |       |       |       |   407 |   666 |   749 |   684 ||  2506
Dodge: Dodged            |    37 |   119 |    66 |   119 |   303 |   465 |   319 |   397 |   686 ||  2511
       Deflected         |       |       |       |       |       |       |       |    10 |    52 ||    62
Block: Other             |       |     7 |    39 |       |       |       |       |       |       ||    46

Table legend:
 A = Non-vault XP
 B = Vault XP
 C = Vault XP percentage of total XP
 D = Non-vault monster count
 E = Vault monster count
 F = Vault count percentage of total count
                 A         B        C        D         E       F
            +---------+---------+-------+---------+---------+-------
      Total | 1005725 |  864818 |  46.2 |    1799 |     913 |  33.7
            +---------+---------+-------+---------+---------+-------
        D:1 |      51 |       0 |   0.0 |      21 |       0 |   0.0
        D:2 |      87 |      15 |  14.7 |      22 |       2 |   8.3
        D:3 |     161 |      61 |  27.5 |      27 |      13 |  32.5
        D:4 |     389 |     426 |  52.3 |      23 |       5 |  17.9
        D:5 |     470 |     825 |  63.7 |      20 |       2 |   9.1
        D:6 |     885 |     276 |  23.8 |      22 |       3 |  12.0
        D:7 |    1259 |       0 |   0.0 |      27 |       0 |   0.0
        D:8 |     884 |      84 |   8.7 |      23 |       4 |  14.8
        D:9 |    2119 |       3 |   0.1 |      34 |       1 |   2.9
       D:10 |    2533 |    2182 |  46.3 |      40 |       8 |  16.7
       D:11 |    5361 |    1992 |  27.1 |      30 |       7 |  18.9
       D:12 |    5492 |    3656 |  40.0 |      37 |       6 |  14.0
       D:13 |    4809 |     827 |  14.7 |      28 |       1 |   3.4
       D:14 |    6520 |    8470 |  56.5 |      30 |      15 |  33.3
       D:15 |   13175 |    4307 |  24.6 |      38 |       6 |  13.6
     Lair:1 |    6377 |     557 |   8.0 |      30 |       1 |   3.2
     Lair:2 |    4454 |    1417 |  24.1 |      24 |       9 |  27.3
     Lair:3 |    3715 |    3259 |  46.7 |      13 |       6 |  31.6
     Lair:4 |    3962 |       0 |   0.0 |      16 |       0 |   0.0
     Lair:5 |    7859 |   10573 |  57.4 |      30 |      48 |  61.5
     Lair:6 |   21062 |   15928 |  43.1 |      54 |      37 |  40.7
    Swamp:1 |   11197 |       0 |   0.0 |      27 |       0 |   0.0
    Swamp:2 |   13389 |       0 |   0.0 |      32 |       0 |   0.0
    Swamp:3 |   18033 |       0 |   0.0 |      33 |       0 |   0.0
    Swamp:4 |   12144 |   17779 |  59.4 |      32 |      23 |  41.8
    Snake:1 |   16124 |    4947 |  23.5 |      31 |      10 |  24.4
    Snake:2 |    9913 |    4805 |  32.6 |      19 |      19 |  50.0
    Snake:3 |   17708 |   24299 |  57.8 |      31 |      35 |  53.0
    Snake:4 |   25329 |   44991 |  64.0 |      48 |      71 |  59.7
      Orc:1 |    5664 |       0 |   0.0 |      70 |       0 |   0.0
      Orc:2 |    3147 |   11833 |  79.0 |      33 |      48 |  59.3
      Elf:1 |   24268 |   16910 |  41.1 |      37 |      30 |  44.8
      Elf:2 |   18416 |   22483 |  55.0 |      29 |      29 |  50.0
   Vaults:1 |   27114 |   22173 |  45.0 |      54 |      32 |  37.2
   Vaults:2 |   35674 |    5075 |  12.5 |      70 |       6 |   7.9
   Vaults:3 |   22614 |   21460 |  48.7 |      47 |      23 |  32.9
   Vaults:4 |   31408 |   46086 |  59.5 |      48 |      49 |  50.5
   Vaults:5 |   50475 |  125652 |  71.3 |      74 |      90 |  54.9
   Depths:1 |   46731 |    6326 |  11.9 |      74 |      10 |  11.9
   Depths:2 |   61500 |   71344 |  53.7 |      77 |      69 |  47.3
   Depths:3 |   43619 |   82546 |  65.4 |      58 |      53 |  47.7
   Depths:4 |   27948 |   66735 |  70.5 |      22 |      41 |  65.1
   Depths:5 |   57836 |   35285 |  37.9 |      73 |      23 |  24.0
      Zot:1 |   76018 |       0 |   0.0 |      47 |       0 |   0.0
      Zot:2 |   51500 |       0 |   0.0 |      27 |       0 |   0.0
      Zot:3 |   63850 |    6408 |   9.1 |      30 |       5 |  14.3
      Zot:4 |   84904 |       0 |   0.0 |      51 |       0 |   0.0
      Zot:5 |   57578 |  159015 |  73.4 |      36 |      44 |  55.0
      IceCv |       0 |    3172 | 100.0 |       0 |      11 | 100.0
    Volcano |       0 |    6547 | 100.0 |       0 |      11 | 100.0
   Gauntlet |       0 |    4089 | 100.0 |       0 |       7 | 100.0
            +---------+---------+-------+---------+---------+-------
